[Event "Titled Tuesday Blitz May 9 Early 2023"]
[White "micke12a"]
[Black "Reprintsev, Alexander"]
[BlackFideId "14100541"]
[WhiteElo "2381"]
[BlackElo "2218"]
[Result "0-1"]
[Round "09"]
[TimeControl "180+2"]
[Date "2023.05.09"]
[WhiteClock "0:00:01"]
[BlackClock "0:00:35"]

1. e4 d5 2. exd5 Qxd5 3. Nf3 Bg4 4. Be2 Nc6 5. Nc3 Qd7 6. h3 Bf5 7. d3 e5 8. O-O O-O-O 9. Re1 f6 10. Bf1 g5 11. Be3 h5 12. Nd2 Be7 13. Be2 Be6 14. Nde4 g4 15. h4 f5 16. Nc5 Bxc5 17. Bxc5 Nf6 18. g3 f4 19. Bf1 b6 20. Ba3 Bd5 21. Nxd5 Qxd5 22. Bg2 f3 23. Bf1 Rhe8 24. Qd2 e4 25. Qf4 Re6 26. dxe4 Nxe4 27. Bd3 Rde8 28. Re3 Nxf2 29. Qf5 Qd7 30. Rxe6 Nh3+ 31. Kh2 Rxe6 32. Qf8+ Kb7 33. Qf5 Nd4 34. Be4+ c6 35. Rd1 Ka6 36. Rxd4 Qxd4 37. Bd3+ b5 38. Bxb5+ Kb6 39. Qxe6 Qg1# 0-1


[Site "https://www.chess.com"]

[Event "Titled Tuesday Blitz May 9 Early 2023"]
[White "ArtemDyachuk"]
[Black "Gatterer, Florian"]
[BlackFideId "811688"]
[WhiteElo "2525"]
[BlackElo "2221"]
[Result "1-0"]
[Round "09"]
[TimeControl "180+2"]
[Date "2023.05.09"]
[WhiteClock "0:00:45"]
[BlackClock "0:00:00"]

1. c4 c5 2. Nc3 g6 3. g3 Bg7 4. Bg2 Nc6 5. Nf3 d6 6. d3 Bf5 7. Bd2 Qd7 8. h3 h5 9. a3 Nf6 10. Rb1 a5 11. Nd5 Qd8 12. Qb3 Nxd5 13. cxd5 Nd4 14. Nxd4 Bxd4 15. Qxb7 O-O 16. g4 hxg4 17. hxg4 Bxg4 18. Bh6 Re8 19. Qb3 Qd7 20. Qd1 Qf5 21. Be3 Bxe3 22. fxe3 Kg7 23. Qd2 Rh8 24. Qc3+ f6 25. Kd2 Qf2 26. Rbe1 Qxg2 27. Rhg1 Qh3 28. Qc4 Bd7 29. Qe4 Kf8 30. Rh1 Bf5 31. Rxh3 Rxh3 32. Qf4 Kf7 33. e4 Bd7 34. Rg1 Rb8 35. Kc3 a4 36. Qf2 Rb3+ 37. Kc2 Rh8 38. Qg2 Rg8 39. Rh1 Rg7 40. Rh8 f5 41. Qg5 1-0


[Site "https://www.chess.com"]

[Event "Titled Tuesday Blitz May 9 Early 2023"]
[White "Moore, Nicholas"]
[Black "Kirillov, Dmitry"]
[WhiteFideId "4303709"]
[BlackFideId "34180572"]
[WhiteElo "2516"]
[BlackElo "2161"]
[Result "1-0"]
[Round "09"]
[TimeControl "180+2"]
[Date "2023.05.09"]
[WhiteClock "0:00:44"]
[BlackClock "0:00:00"]

1. d4 d5 2. c4 e6 3. Nf3 Nf6 4. g3 Bb4+ 5. Bd2 Be7 6. Bg2 O-O 7. O-O dxc4 8. Qc2 b5 9. Ne5 Nd5 10. a4 c6 11. b3 cxb3 12. Qxb3 a6 13. Rc1 Bb7 14. Nc3 Qb6 15. Nxd5 cxd5 16. Rcb1 Nc6 17. Nd7 Qc7 18. Nxf8 Bxf8 19. Qc2 Qb6 20. e3 b4 21. Bf1 a5 22. Bd3 g6 23. Rc1 Bd6 24. h4 Ne7 25. h5 Kg7 26. Qd1 Ba6 27. Bb1 Bc4 28. e4 Qxd4 29. Bh6+ Kxh6 30. Qxd4 gxh5 31. Qf6+ Ng6 32. e5 Bxe5 33. Qxf7 Bxa1 34. Bxg6 hxg6 35. Rxa1 b3 36. Re1 b2 37. Qb7 Bd3 38. Qxa8 Be4 39. Qb7 1-0


[Site "https://www.chess.com"]

[Event "Titled Tuesday Blitz May 9 Early 2023"]
[White "Goswami, Vedant"]
[Black "Mrudul Dehankar"]
[WhiteFideId "5003725"]
[BlackFideId "25096990"]
[WhiteElo "2011"]
[BlackElo "2139"]
[Result "1-0"]
[Round "09"]
[TimeControl "180+2"]
[Date "2023.05.09"]
[WhiteClock "0:00:07"]
[BlackClock "0:00:00"]

1. a3 g6 2. e3 Bg7 3. g3 c5 4. Bg2 d5 5. d4 cxd4 6. exd4 Bf5 7. Nc3 Nf6 8. h3 Nc6 9. Nge2 O-O 10. Bg5 Ne4 11. Nxe4 Bxe4 12. f3 Bf5 13. c3 Qb6 14. g4 Bd7 15. Rb1 Rae8 16. O-O e5 17. Be3 Na5 18. Bf2 e4 19. fxe4 dxe4 20. b3 Qd6 21. a4 a6 22. Be3 b5 23. axb5 axb5 24. Qd2 Bc6 25. Bf4 Qd8 26. Qa2 Bd5 27. Nc1 Qb6 28. Be3 Ra8 29. Qc2 Rfc8 30. Bxe4 Bxe4 31. Qxe4 Qc7 32. Ne2 Re8 33. Qf3 Ra6 34. Bf2 Rae6 35. Nf4 Qd7 36. Nxe6 Qxe6 37. c4 bxc4 38. bxc4 Nxc4 39. d5 Qd7 40. Rbe1 Rd8 41. Rd1 Ne5 42. Qe4 h5 43. Bg3 Re8 44. Qf4 1-0


[Site "https://www.chess.com"]

[Event "Titled Tuesday Blitz May 9 Early 2023"]
[White "Turzo, Attila"]
[Black "Makhmudov, Shukhrat"]
[WhiteFideId "704954"]
[BlackFideId "14200775"]
[WhiteElo "2475"]
[BlackElo "2135"]
[Result "0-1"]
[Round "09"]
[TimeControl "180+2"]
[Date "2023.05.09"]
[WhiteClock "0:00:00"]
[BlackClock "0:00:12"]

1. d4 Nf6 2. Nf3 d5 3. Bf4 c5 4. e3 Nc6 5. Nbd2 c4 6. c3 Bf5 7. b3 b5 8. Be2 e6 9. O-O h6 10. a4 a6 11. Ne5 Nxe5 12. Bxe5 Be7 13. Bf3 Bd3 14. Re1 O-O 15. axb5 axb5 16. b4 Nd7 17. Bg3 f5 18. Qc1 Nb6 19. Bd1 Bd6 20. Rxa8 Nxa8 21. Qa1 Nc7 22. Qa5 Bxg3 23. hxg3 Qd6 24. Qa3 Ra8 25. Qb2 Qa6 26. Bh5 Qa2 27. Qc1 Kh7 28. Bd1 Qa3 29. Bf3 Qxc1 30. Rxc1 Ra2 31. Nf1 Ne8 32. Bd1 Nd6 33. Nh2 Ne4 34. Nf3 Nxf2 35. Ne5 Ne4 36. Bf3 Nxg3 37. Nc6 Be4 0-1


[Site "https://www.chess.com"]

[Event "Titled Tuesday Blitz May 9 Early 2023"]
[White "Rian, Kapriaga"]
[Black "Pourkashiyan, Atousa"]
[WhiteFideId "7103263"]
[BlackFideId "12502014"]
[WhiteElo "2323"]
[BlackElo "2228"]
[Result "0-1"]
[Round "09"]
[TimeControl "180+2"]
[Date "2023.05.09"]
[WhiteClock "0:00:00"]
[BlackClock "0:00:18"]

1. d4 Nf6 2. Nf3 e6 3. Bf4 d5 4. e3 Bd6 5. Ne5 O-O 6. Nd2 c5 7. c3 Nc6 8. Bd3 Bxe5 9. dxe5 Nd7 10. h4 Ndxe5 11. Bxe5 Nxe5 12. Bxh7+ Kxh7 13. Qh5+ Kg8 14. Qxe5 b6 15. h5 Qf6 16. Qg3 Ba6 17. Nf3 Rad8 18. O-O-O Be2 19. Rde1 Bxf3 20. gxf3 d4 21. exd4 cxd4 22. cxd4 Rxd4 23. Qe5 Rc8+ 24. Kb1 Qxe5 25. Rxe5 Rd2 26. Rg1 Rcc2 27. Reg5 Rxb2+ 28. Kc1 Rdc2+ 0-1


[Site "https://www.chess.com"]

[Event "Titled Tuesday Blitz May 9 Early 2023"]
[White "I_KID_you_not"]
[Black "Martic, Ivan"]
[BlackFideId "929301"]
[WhiteElo "2298"]
[BlackElo "2360"]
[Result "0-1"]
[Round "09"]
[TimeControl "180+2"]
[Date "2023.05.09"]
[WhiteClock "0:01:43"]
[BlackClock "0:02:11"]

1. d4 d5 2. Nc3 Nf6 3. Bf4 c5 4. e4 Nxe4 5. Nxe4 dxe4 6. dxc5 Qa5+ 7. c3 Qxc5 8. Qa4+ Nc6 9. Qxe4 Bf5 10. Qc4 e5 11. Be3 Qa5 12. Nf3 Be7 13. Qb5 Qxb5 14. Bxb5 f6 15. Nd2 O-O 16. O-O Rfd8 17. f4 Bd3 18. Bxd3 Rxd3 19. Rfe1 Rxe3 20. Rxe3 Bc5 0-1


[Site "https://www.chess.com"]

[Event "Titled Tuesday Blitz May 9 Early 2023"]
[White "Rosenberg, Evan S"]
[Black "Salman, Pavel"]
[WhiteFideId "2019299"]
[BlackFideId "24153753"]
[WhiteElo "2270"]
[BlackElo "2187"]
[Result "1-0"]
[Round "09"]
[TimeControl "180+2"]
[Date "2023.05.09"]
[WhiteClock "0:00:35"]
[BlackClock "0:00:43"]

1. d4 Nf6 2. Nf3 c5 3. d5 g6 4. Nc3 Bg7 5. e4 d6 6. Bb5+ Nbd7 7. a4 O-O 8. O-O a6 9. Be2 Ng4 10. h3 Nge5 11. Nxe5 Nxe5 12. Bg5 Rb8 13. Qd2 f5 14. exf5 Bxf5 15. a5 Rc8 16. g4 Bd7 17. f4 Nf7 18. Bh4 c4 19. Nd1 Rc5 20. Bf2 Rb5 21. Bxc4 Bxb2 22. Nxb2 Rxb2 23. Bb3 Bb5 24. Rfe1 Qc7 25. Bd4 Rxb3 26. cxb3 Nd8 27. Rac1 Qd7 28. f5 Rf7 29. fxg6 hxg6 30. Qh6 Rf6 31. Bxf6 exf6 32. Qxg6+ Kf8 33. Qxf6+ Nf7 34. Rc2 b6 35. Rf2 bxa5 36. Qh8# 1-0


[Site "https://www.chess.com"]

[Event "Titled Tuesday Blitz May 9 Early 2023"]
[White "Wimalasuriya, Kasun M."]
[Black "Toktomushev, Teimur"]
[WhiteFideId "9906789"]
[BlackFideId "14176726"]
[WhiteElo "2241"]
[BlackElo "2116"]
[Result "0-1"]
[Round "09"]
[TimeControl "180+2"]
[Date "2023.05.09"]
[WhiteClock "0:01:38"]
[BlackClock "0:00:04"]

1. d4 d5 2. c4 e6 3. Nc3 Nf6 4. Nf3 Be7 5. Bf4 O-O 6. e3 b6 7. cxd5 Nxd5 8. Nxd5 Qxd5 9. Bd3 Qa5+ 10. Ke2 c5 11. dxc5 bxc5 12. Qc2 Ba6 13. Rhd1 Nc6 14. a3 Rfd8 15. Ne5 Nxe5 16. Bxe5 Rd5 17. Bc3 Bxd3+ 18. Qxd3 Qb6 19. Qc4 Rad8 20. e4 R5d7 21. Rxd7 Rxd7 22. Rd1 Qb7 23. Rd3 Rxd3 24. Qxd3 Qc7 25. h3 c4 26. Qd4 f6 27. e5 f5 28. f4 Qc6 29. Kf1 h6 30. Qxa7 Bc5 31. Qb8+ Kh7 32. Qd8 Qe4 33. Qd2 Be3 34. Qd7 Qxf4+ 35. Ke2 Qf2+ 36. Kd1 Qxg2 37. Qxe6 Qf1+ 38. Kc2 Qd3# 0-1


[Site "https://www.chess.com"]

[Event "Titled Tuesday Blitz May 9 Early 2023"]
[White "Kiseleva, Arina"]
[Black "Redzisz, Michal"]
[WhiteFideId "4164989"]
[BlackFideId "21816107"]
[WhiteElo "1708"]
[BlackElo "2175"]
[Result "1/2-1/2"]
[Round "09"]
[TimeControl "180+2"]
[Date "2023.05.09"]
[WhiteClock "0:00:21"]
[BlackClock "0:00:04"]

1. d4 Nf6 2. c4 e6 3. Nf3 d5 4. Nc3 Be7 5. Bg5 O-O 6. e3 b6 7. Qc2 Bb7 8. cxd5 Nxd5 9. Bxe7 Qxe7 10. e4 Nxc3 11. bxc3 c5 12. Bd3 Nc6 13. O-O cxd4 14. cxd4 Rfd8 15. e5 Nb4 16. Qe2 Nxd3 17. Qxd3 Bxf3 18. Qxf3 Rd5 19. Rfd1 Rad8 20. Qe4 Qc5 21. Qh4 h6 22. h3 Rxd4 23. Qxd8+ Rxd8 24. Rxd8+ Kh7 25. Re1 Qc3 26. Kf1 Qc4+ 27. Kg1 Qxa2 28. Rd7 Qa5 29. Re3 Qa1+ 30. Kh2 a5 31. Rxf7 a4 32. f4 a3 33. Rg3 a2 34. Rgxg7+ Kh8 35. Rh7+ Kg8 36. Rhg7+ Kh8 37. Rh7+ Kg8 38. Rhg7+ Kh8 1/2-1/2


[Site "https://www.chess.com"]

[Event "Titled Tuesday Blitz May 9 Early 2023"]
[White "Chemin, Justo Reinaldo"]
[Black "Vivas Zamora, Fabian Ernesto"]
[WhiteFideId "2101580"]
[BlackFideId "3902480"]
[WhiteElo "1940"]
[BlackElo "2244"]
[Result "0-1"]
[Round "09"]
[TimeControl "180+2"]
[Date "2023.05.09"]
[WhiteClock "0:00:00"]
[BlackClock "0:00:11"]

1. d4 Nf6 2. Nf3 g6 3. e3 Bg7 4. b3 O-O 5. Bb2 c5 6. Nbd2 cxd4 7. exd4 d5 8. Bd3 Nc6 9. a3 Bf5 10. Bxf5 gxf5 11. O-O e6 12. Re1 Ne4 13. Nf1 Qb6 14. c3 Na5 15. N3d2 Nc4 16. bxc4 Qxb2 17. Nxe4 dxe4 18. Qc1 Qxc1 19. Rexc1 Rac8 20. Nd2 Bh6 21. Ra2 Bxd2 22. Rxd2 Rxc4 23. d5 Rd8 24. d6 Rc6 25. d7 Rc7 26. Rcd1 Kf8 27. f3 exf3 28. gxf3 Rxc3 29. Kf2 Rxa3 30. Rc1 Ke7 31. Rc7 Rb3 32. Kg3 a5 0-1


[Site "https://www.chess.com"]

[Event "Titled Tuesday Blitz May 9 Early 2023"]
[White "Tuleyeva-Aketayeva, Dana"]
[Black "Mouhamad, Joachim"]
[WhiteFideId "13701932"]
[BlackFideId "656410"]
[WhiteElo "2030"]
[BlackElo "2125"]
[Result "1-0"]
[Round "09"]
[TimeControl "180+2"]
[Date "2023.05.09"]
[WhiteClock "0:01:09"]
[BlackClock "0:01:29"]

1. d4 d5 2. Nf3 e6 3. g3 c5 4. Bg2 Nf6 5. O-O cxd4 6. Nxd4 Be7 7. c4 O-O 8. cxd5 exd5 9. Nc3 Nc6 10. Bg5 Be6 11. Rc1 h6 12. Bf4 Qd7 13. e4 dxe4 14. Nxc6 Qxd1 15. Nxe7+ Kh8 16. Rfxd1 Rad8 17. Nxe4 Nxe4 18. Bxe4 Rxd1+ 19. Rxd1 Bxa2 1-0


[Site "https://www.chess.com"]

[Event "Titled Tuesday Blitz May 9 Early 2023"]
[White "Spitzl, Vinzent"]
[Black "Umarov, Sabir"]
[WhiteFideId "12901253"]
[BlackFideId "14200538"]
[WhiteElo "2225"]
[BlackElo "2366"]
[Result "1-0"]
[Round "09"]
[TimeControl "180+2"]
[Date "2023.05.09"]
[WhiteClock "0:02:12"]
[BlackClock "0:00:14"]

1. e4 g6 2. d4 Bg7 3. Nc3 c6 4. h3 d5 5. Nf3 dxe4 6. Nxe4 Nf6 7. Nxf6+ Bxf6 8. Bc4 O-O 9. O-O Nd7 10. Re1 Nb6 11. Bb3 Re8 12. c3 Nd5 13. Bh6 e6 14. Ne5 Qc7 15. Qe2 Bh8 16. Rad1 b6 17. c4 Ne7 18. Bf4 Qd8 19. d5 exd5 20. cxd5 cxd5 21. Nc6 1-0


[Site "https://www.chess.com"]

[Event "Titled Tuesday Blitz May 9 Early 2023"]
[White "Womacka, Mathias"]
[Black "Harriott, Tyrell"]
[WhiteFideId "4611390"]
[BlackFideId "2086484"]
[WhiteElo "2377"]
[BlackElo "2107"]
[Result "0-1"]
[Round "09"]
[TimeControl "180+2"]
[Date "2023.05.09"]
[WhiteClock "0:00:00"]
[BlackClock "0:00:33"]

1. e4 d6 2. d4 Nf6 3. Nc3 Nbd7 4. Nf3 e5 5. Bc4 Be7 6. O-O O-O 7. Re1 c6 8. a4 Qc7 9. h3 h6 10. a5 Re8 11. Be3 Nf8 12. Nh4 N6h7 13. Qh5 Bg5 14. Nf5 g6 15. Nxh6+ Kg7 16. Qf3 Bxh6 17. Bxf7 Qxf7 18. Bxh6+ Kg8 19. Qxf7+ Kxf7 20. Be3 Be6 21. Red1 Red8 22. Kh2 g5 23. g3 Kg6 24. Kg2 Nf6 25. dxe5 dxe5 26. Rxd8 Rxd8 27. Bxa7 Rd2 28. Rc1 Rd8 29. Be3 N8d7 30. Rd1 Ra8 31. b4 Rh8 32. Rh1 Rd8 33. f3 Bc4 34. h4 gxh4 35. Rxh4 Rg8 36. Rh1 Kf7 37. Rd1 Ke6 38. Kf2 Nh5 39. g4 Nf4 40. Rh1 Rf8 41. Rh7 Rf7 42. Rxf7 Kxf7 43. Bxf4 exf4 44. Ne2 Bxe2 45. Kxe2 Ke6 46. c3 Ne5 47. Kf2 Kf6 48. Ke2 Kg5 49. Kf2 Kh4 50. Kg2 Nc4 51. Kf2 Nd2 52. Ke2 Nc4 53. Kf2 Kh3 54. g5 Ne5 55. c4 Kh4 0-1


[Site "https://www.chess.com"]

[Event "Titled Tuesday Blitz May 9 Early 2023"]
[White "Fajdetic, Hrvoje"]
[Black "Zavortink, Matt"]
[WhiteFideId "14501945"]
[BlackFideId "2034263"]
[WhiteElo "2185"]
[BlackElo "2457"]
[Result "0-1"]
[Round "09"]
[TimeControl "180+2"]
[Date "2023.05.09"]
[WhiteClock "0:00:10"]
[BlackClock "0:00:20"]

1. d4 d5 2. Bf4 Nf6 3. e3 Bf5 4. c4 e6 5. Qb3 Nc6 6. Nc3 Bb4 7. a3 Bxc3+ 8. bxc3 Na5 9. Qa4+ c6 10. c5 O-O 11. Nf3 Ne4 12. Rc1 b5 13. Qd1 f6 14. Nd2 Nxd2 15. Kxd2 Bg6 16. Bd6 Rf7 17. a4 Nc4+ 18. Bxc4 bxc4 19. Qg4 Bf5 20. Qf4 Rb7 21. Rhd1 Qe8 22. g4 Bd3 23. Ke1 Qg6 24. Rd2 Re8 25. f3 h5 26. h3 a6 27. Kf2 e5 28. dxe5 fxe5 29. Bxe5 Rf7 30. Qg3 Be4 31. f4 Rxe5 32. g5 Rxg5 33. Qh2 Rg2+ 34. Qxg2 Qxg2+ 35. Ke1 Qg1+ 36. Ke2 Bd3+ 37. Rxd3 cxd3+ 38. Kxd3 Qxc1 0-1


[Site "https://www.chess.com"]

[Event "Titled Tuesday Blitz May 9 Early 2023"]
[White "Korpics, Zsolt"]
[Black "koncheto"]
[WhiteFideId "705241"]
[WhiteElo "2349"]
[BlackElo "2453"]
[Result "0-1"]
[Round "09"]
[TimeControl "180+2"]
[Date "2023.05.09"]
[WhiteClock "0:00:36"]
[BlackClock "0:00:21"]

1. e4 e5 2. Nf3 Nf6 3. Nxe5 Nc6 4. Nxc6 dxc6 5. d3 Bc5 6. c3 Nxe4 7. Qe2 Bxf2+ 8. Kd1 f5 9. Kc2 O-O 10. dxe4 fxe4 11. Be3 Qd3+ 12. Qxd3 exd3+ 13. Kd2 Bxe3+ 14. Kxe3 Bf5 15. Kd2 Bg6 16. c4 Rf2+ 17. Kc3 Rc2+ 18. Kb3 Rc1 19. c5 Rf8 20. a3 Rfxf1 21. Rxf1 Rxf1 22. Ka2 Bf7+ 23. b3 Rf2+ 24. Nd2 Rxd2+ 25. Kb1 Bxb3 26. Kc1 Rd1+ 27. Kb2 Rxa1 28. Kxa1 d2 29. Kb2 d1=Q 30. a4 Qc2+ 31. Ka3 a5 32. g4 Qa2# 0-1


[Site "https://www.chess.com"]

[Event "Titled Tuesday Blitz May 9 Early 2023"]
[White "ElenGajger"]
[Black "Matveeva, Olga"]
[BlackFideId "24107018"]
[WhiteElo "2463"]
[BlackElo "2009"]
[Result "1-0"]
[Round "09"]
[TimeControl "180+2"]
[Date "2023.05.09"]
[WhiteClock "0:00:47"]
[BlackClock "0:00:08"]

1. f3 d5 2. e4 e5 3. exd5 Qxd5 4. Nc3 Qa5 5. Bc4 Nf6 6. Nge2 Bc5 7. d4 exd4 8. Nxd4 O-O 9. Nb3 Re8+ 10. Be2 Qb6 11. Na4 Bb4+ 12. c3 Qc6 13. Nd4 Qd6 14. cxb4 Qxb4+ 15. Nc3 c5 16. Nc2 Qb6 17. O-O Bf5 18. Kh1 Nc6 19. Ne3 Bg6 20. Ned5 Nxd5 21. Nxd5 Qd8 22. Bb5 Re5 23. Bxc6 bxc6 24. Nc3 Qh4 25. Qd6 Rae8 26. Bd2 Rh5 27. Rae1 Rd8 28. Qc7 h6 29. Bf4 Bd3 30. Bg3 Qf6 31. Rd1 c4 32. Rfe1 Rf5 33. Ne4 Qe7 34. Qxe7 1-0


[Site "https://www.chess.com"]

[Event "Titled Tuesday Blitz May 9 Early 2023"]
[White "Shukhman, Anna"]
[Black "Ardila, Oscar Humberto"]
[WhiteFideId "54180058"]
[BlackFideId "4404742"]
[WhiteElo "2235"]
[BlackElo "1918"]
[Result "1-0"]
[Round "09"]
[TimeControl "180+2"]
[Date "2023.05.09"]
[WhiteClock "0:01:33"]
[BlackClock "0:02:09"]

1. e4 e5 2. Nf3 Nf6 3. Nxe5 d6 4. Nf3 Nxe4 5. Bd3 Nf6 6. O-O Be7 7. Re1 O-O 8. c3 Bg4 9. h3 Bh5 10. Bc2 Nbd7 11. d4 Re8 12. Nbd2 Nf8 13. Nf1 Bg6 14. Ng3 Qd7 15. Bf4 Bxc2 16. Qxc2 Ng6 17. Bd2 c6 18. h4 h6 19. h5 Nf8 20. Re2 Nd5 21. c4 Nc7 22. Rae1 Bf6 23. Nf5 Rxe2 24. Rxe2 Re8 25. Rxe8 Nxe8 26. Qe4 Ne6 27. Qg4 Kh8 28. d5 cxd5 29. cxd5 Nc5 30. b4 Nd3 31. Nxh6 gxh6 32. Qxd7 1-0


[Site "https://www.chess.com"]

[Event "Titled Tuesday Blitz May 9 Early 2023"]
[White "KorolDimitriy75"]
[Black "De Souza, Cristiano Gomes"]
[BlackFideId "2151758"]
[WhiteElo "2442"]
[BlackElo "2068"]
[Result "1-0"]
[Round "09"]
[TimeControl "180+2"]
[Date "2023.05.09"]
[WhiteClock "0:00:22"]
[BlackClock "0:00:52"]

1. d4 Nf6 2. c4 g6 3. Nc3 Bg7 4. e4 d6 5. Nf3 O-O 6. Be2 e5 7. dxe5 dxe5 8. Qxd8 Rxd8 9. Bg5 Re8 10. O-O-O Na6 11. Ne1 c6 12. Nc2 Nc5 13. f3 Ne6 14. Be3 Rd8 15. Rxd8+ Nxd8 16. Rd1 Ne6 17. b3 Bf8 18. Kb2 Bc5 19. Bxc5 Nxc5 20. Rd8+ Kg7 21. b4 Ne6 22. Rd6 Bd7 23. c5 Rd8 24. Bc4 Ne8 25. Rd1 N8c7 26. Kb3 a5 27. a3 axb4 28. axb4 Kf6 29. Na4 Be8 30. Rxd8 Nxd8 31. Nb6 Ke7 32. Nc8+ Kf6 33. Nd6 Bd7 34. Ne3 Be6 35. Bxe6 Ndxe6 36. Nxb7 Nd4+ 37. Ka4 h5 38. Ka5 Nce6 39. Kb6 Nf4 40. Nd8 Nd3 41. Nxc6 Nxc6 42. Kxc6 Nxb4+ 43. Kd6 h4 44. Nd5+ Nxd5 45. Kxd5 g5 46. h3 Ke7 47. Kxe5 f6+ 48. Kf5 Kf7 49. c6 Ke7 50. c7 Kd7 51. Kxf6 Kxc7 52. Kxg5 Kd6 53. Kxh4 Ke5 54. Kg4 Kf6 55. h4 1-0


[Site "https://www.chess.com"]

[Event "Titled Tuesday Blitz May 9 Early 2023"]
[White "Panda Sambit"]
[Black "Brueckner, Thomas"]
[WhiteFideId "25091794"]
[BlackFideId "4600452"]
[WhiteElo "2272"]
[BlackElo "2322"]
[Result "1-0"]
[Round "09"]
[TimeControl "180+2"]
[Date "2023.05.09"]
[WhiteClock "0:01:23"]
[BlackClock "0:00:18"]

1. c4 Nf6 2. Nc3 g6 3. g3 Bg7 4. Bg2 O-O 5. Nf3 d6 6. O-O Nc6 7. d4 e5 8. e4 Bg4 9. d5 Nd4 10. Be3 Bxf3 11. Bxf3 c5 12. dxc6 bxc6 13. Bxd4 exd4 14. Qxd4 Ng4 15. Qd2 Ne5 16. Be2 Qa5 17. f4 Nxc4 18. Bxc4 Qc5+ 19. Kg2 Qxc4 20. Rfe1 Rad8 21. Rac1 Qb4 22. b3 Rfe8 23. Nb1 Qb6 24. Qc2 Rc8 25. Nd2 d5 26. e5 c5 27. Qd3 h5 28. Nf3 Qa5 29. Re2 c4 30. bxc4 dxc4 31. Rxc4 Qa6 32. Rxc8 Qxd3 33. Rxe8+ Kh7 34. Ng5+ Kh6 35. Nxf7+ Kh7 36. Ng5+ Kh6 37. Rf2 Qd5+ 38. Kh3 Qd7+ 39. Re6 Bf8 40. f5 Kxg5 41. Rxg6# 1-0


[Site "https://www.chess.com"]

[Event "Titled Tuesday Blitz May 9 Early 2023"]
[White "Vifleemskaia, Svetlana"]
[Black "Dinu, Dumitru-Daniel"]
[WhiteFideId "4129490"]
[BlackFideId "1208403"]
[WhiteElo "1930"]
[BlackElo "2240"]
[Result "0-1"]
[Round "09"]
[TimeControl "180+2"]
[Date "2023.05.09"]
[WhiteClock "0:00:00"]
[BlackClock "0:00:02"]

1. d4 Nf6 2. c4 e6 3. Nc3 Bb4 4. e3 c5 5. Ne2 cxd4 6. exd4 d5 7. a3 Bxc3+ 8. Nxc3 Nc6 9. cxd5 Nxd5 10. Be2 O-O 11. O-O Qf6 12. Nxd5 exd5 13. Be3 Be6 14. b4 a6 15. Rc1 Rac8 16. h3 h6 17. Bf3 Na7 18. Kh2 Nb5 19. Rc5 Nxa3 20. Bxd5 Rxc5 21. dxc5 Rd8 22. Qb3 Bxd5 23. Qxa3 Qg6 24. Rg1 Qe4 25. Qc3 Bc6 26. Qb2 Rd5 27. g4 Rd1 28. f3 Qxf3 29. Rxd1 Qxd1 30. Qd2 Qh1+ 31. Kg3 Qf3+ 32. Kh2 Qe4 33. Qd8+ Kh7 34. Qd2 h5 35. gxh5 Qe5+ 36. Bf4 Qxh5 37. Qd3+ g6 38. Kg3 Bd5 39. Qe3 Be6 40. Kg2 Qd5+ 41. Kg3 Qf5 42. Kg2 Bd5+ 43. Kg3 Qc2 44. Qf2 Qd3+ 45. Be3 Qe4 46. Qf4 Qg2+ 47. Kh4 Qe2 48. Qh6+ Kg8 49. Qf4 Qh5+ 50. Kg3 Kh7 51. Qg5 Qf3+ 52. Kh4 Be6 53. Qh6+ Kg8 0-1


[Site "https://www.chess.com"]

[Event "Titled Tuesday Blitz May 9 Early 2023"]
[White "Sarkar, Justin"]
[Black "Qiao, Cindy"]
[WhiteFideId "2010011"]
[BlackFideId "2620243"]
[WhiteElo "2168"]
[BlackElo "1777"]
[Result "1-0"]
[Round "09"]
[TimeControl "180+2"]
[Date "2023.05.09"]
[WhiteClock "0:00:06"]
[BlackClock "0:00:12"]

1. d3 d5 2. Nd2 Nf6 3. g3 e6 4. Bg2 Be7 5. e4 dxe4 6. dxe4 O-O 7. Ngf3 c5 8. O-O Nc6 9. Qe2 Qc7 10. e5 Nd5 11. h4 b6 12. Re1 Ndb4 13. Nc4 Ba6 14. c3 Nd5 15. Qe4 h6 16. a4 Rad8 17. g4 Rd7 18. g5 hxg5 19. Bxg5 Qd8 20. Qg4 Bxc4 21. Bh6 Bf6 22. exf6 Qxf6 23. Bg5 Qg6 24. Qxc4 Nf6 25. Rad1 Rfd8 26. Rxd7 Rxd7 27. Qb5 Rc7 28. Bf4 Rc8 29. Ng5 Ne7 30. Rd1 Nfd5 31. Bg3 Rf8 32. Qd3 Nf5 33. Be4 Nde7 34. Bxf5 Nxf5 35. Qf3 Nxg3 36. Qxg3 Qf6 37. Nf3 g6 38. Rd2 Kg7 39. Kg2 Rh8 40. Qe5 Qxe5 41. Nxe5 Rxh4 42. Rd7 Rf4 43. Rxa7 Rf5 44. Nc6 Rd5 45. Rb7 b5 46. Rxb5 Kf6 47. a5 c4 48. Rxd5 exd5 49. a6 d4 50. a7 dxc3 51. a8=Q cxb2 52. Qb7 c3 53. Qb3 Kg7 54. Qc2 Kh6 55. Qb1 f5 56. Nd4 g5 57. Nc2 Kh5 58. Kf1 g4 59. Na3 f4 60. Qc2 g3 61. Qxc3 b1=Q+ 62. Nxb1 Kg4 63. Kg2 Kf5 64. fxg3 fxg3 65. Kxg3 Ke6 66. Nd2 Kd5 67. Qc4+ Ke5 68. Nf3+ Kd6 69. Qb5 Kc7 70. Kf4 Kd6 71. Kf5 Ke7 72. Qa6 Kd7 73. Qb6 1-0


[Site "https://www.chess.com"]

[Event "Titled Tuesday Blitz May 9 Early 2023"]
[White "Vaglio Munoz, Jaime"]
[Black "Shubenkova, Veronika"]
[WhiteFideId "6500145"]
[BlackFideId "44124040"]
[WhiteElo "2199"]
[BlackElo "2060"]
[Result "0-1"]
[Round "09"]
[TimeControl "180+2"]
[Date "2023.05.09"]
[WhiteClock "0:00:06"]
[BlackClock "0:01:45"]

1. Nf3 d5 2. b3 Nf6 3. Bb2 c5 4. e3 Nc6 5. Bb5 Bd7 6. a4 Qc7 7. Bxc6 Bxc6 8. Ne5 e6 9. f4 Bd6 10. O-O O-O 11. d3 Nd7 12. Ng4 f6 13. Nd2 Rae8 14. g3 e5 15. fxe5 Nxe5 16. e4 dxe4 17. dxe4 Ng6 18. Qe2 a6 19. Qc4+ Kh8 20. Ne3 b5 21. axb5 Bxb5 22. Qd5 Bxf1 23. Nexf1 Be5 24. Bxe5 Nxe5 25. Rxa6 Rd8 26. Qe6 Rfe8 27. Qh3 c4 28. bxc4 Nxc4 29. Nf3 Qc5+ 30. Kh1 Rxe4 31. Ra7 Qxa7 32. Qf5 Re7 33. h4 Qa1 34. Kg2 Re2+ 35. Kh3 Qxf1+ 36. Kg4 Ne3+ 37. Kf4 Nxf5 38. g4 Nxh4 39. g5 Qxf3# 0-1


[Site "https://www.chess.com"]

[Event "Titled Tuesday Blitz May 9 Early 2023"]
[White "Topalov, Aleksandar"]
[Black "Bueno, Alfeu Junior Varela"]
[WhiteFideId "925659"]
[BlackFideId "2108879"]
[WhiteElo "2151"]
[BlackElo "2175"]
[Result "0-1"]
[Round "09"]
[TimeControl "180+2"]
[Date "2023.05.09"]
[WhiteClock "0:00:19"]
[BlackClock "0:00:27"]

1. b3 e5 2. Bb2 Nc6 3. c4 f5 4. e3 Nf6 5. Nf3 e4 6. Nd4 Nxd4 7. Bxd4 Be7 8. Be2 O-O 9. O-O b6 10. f4 Bb7 11. Kh1 Kh8 12. Rg1 c5 13. Bb2 d5 14. cxd5 Nxd5 15. g4 Bf6 16. Nc3 fxg4 17. Rxg4 Nb4 18. Na4 Nd3 19. Bxd3 exd3+ 20. Kg1 Qd5 21. Kf2 Qh5 22. Kg3 Bc8 23. Bxf6 Rxf6 24. Nc3 Bxg4 25. Qxg4 Rg6 0-1


[Site "https://www.chess.com"]

[Event "Titled Tuesday Blitz May 9 Early 2023"]
[White "Levitan, Caleb Levi"]
[Black "Sargissyan, Sargis"]
[WhiteFideId "14332620"]
[BlackFideId "13303210"]
[WhiteElo "1963"]
[BlackElo "2109"]
[Result "1-0"]
[Round "09"]
[TimeControl "180+2"]
[Date "2023.05.09"]
[WhiteClock "0:00:30"]
[BlackClock "0:00:03"]

1. e4 c5 2. Nf3 d6 3. d4 cxd4 4. Qxd4 a6 5. c4 Nc6 6. Qe3 g6 7. Nc3 Bg7 8. b3 Nf6 9. Bb2 O-O 10. Be2 b5 11. cxb5 axb5 12. Bxb5 Nb4 13. Qd2 Bb7 14. O-O Nxe4 15. Nxe4 Bxb2 16. Qxb2 Bxe4 17. Nd2 Bb7 18. a3 Qb6 19. Be2 Nd5 20. Nc4 Qc5 21. Bf3 Rfb8 22. Rac1 Qa7 23. Qd2 Nb6 24. Bxb7 Qxb7 25. Na5 Qd5 26. Qxd5 Nxd5 27. b4 Rb7 28. Nxb7 1-0


[Site "https://www.chess.com"]